 Dungeon Crawl Stone Soup version 0.26.1-11-gd32895ea62 (webtiles) character file.

Game seed: 1883338518748054957

47 kodamatunes15 the Ruffian (level 3, -1/30 HPs)
             Began as a Ghoul Gladiator on May 18, 2021.
             Slain by a gnoll
             ... wielding a +0 spear
              (5 damage)
             ... on level 2 of the Dungeon.
             The game lasted 00:06:14 (988 turns).

kodamatunes15 the Ruffian (Ghoul Gladiator)          Turns: 988, Time: 00:06:15

Health: -1/30      AC:  6    Str: 17    XL:     3   Next: 70%
Magic:  2/2        EV: 11    Int:  4    God:
Gold:   90         SH:  0    Dex: 10    Spells: 2/2 levels left

rFire    . . .     SeeInvis .   f - +0 spear (venom)
rCold    + . .     Faith    .   (no shield)
rNeg     + + +     Spirit   .   h - +0 ring mail
rPois    ∞         Reflect  .   b - +0 helmet
rElec    .         Harm     .   (no cloak)
rCorr    .         Rampage  .   (no gloves)
Will     .....                  (no boots)
Stlth    ..........             (no amulet)
HPRegen  0.00/turn              (no ring)
MPRegen  0.08/turn              (no ring)

@: no status effects
A: claws 1, cold resistance 1, negative energy resistance 3, inhibited
regeneration, torment resistance, unbreathing
a: no special abilities


You were on level 2 of the Dungeon.
You visited 1 branch of the dungeon, and saw 2 of its levels.

You collected 90 gold pieces.

Inventory:

Hand Weapons
 e - a +0 whip
 f - a +0 spear of venom (weapon)
Missiles
 c - 3 throwing nets (quivered)
Armour
 b - a +0 helmet (worn)
 h - a +0 ring mail (worn)
Potions
 a - a potion of brilliance {unknown}
 d - a potion of heal wounds {unknown}
 g - 2 potions of flight {unknown}


   Skills:
 + Level 2.4 Fighting
 + Level 0.1 Polearms
 + Level 1.9 Throwing
 + Level 0.5 Armour
 + Level 3.1 Dodging
 + Level 4.2 Unarmed Combat


You had 2 spell levels left.
You didn't know any spells.
Your spell library was empty.

Dungeon Overview and Level Annotations

Branches:
Dungeon (2/15)

Altars:


Innate Abilities, Weirdness & Mutations

You thrive by killing the living.
You are immune to poison.
You have sharp fingernails.
Your flesh is cold resistant. (rC+)
You are immune to negative energy. (rN+++)
You do not regenerate when monsters are visible.
You are immune to unholy pain and torment.
You can survive without breathing.


Message History

The jackal misses you.
The jackal bites you but does no damage.
The quokka bites you but does no damage.
The gnoll hits you but does no damage. The gnoll hits you with a +0 whip.
* * * LOW HITPOINT WARNING * * *
The adder barely misses you. The jackal closely misses you. x2
You barely miss the quokka.
The jackal bites you but does no damage.
The quokka bites you.
* * * LOW HITPOINT WARNING * * *
The jackal bites you but does no damage.
The gnoll hits you but does no damage. The adder closely misses you.
The gnoll barely misses you. The jackal closely misses you.
The jackal bites you but does no damage.
The quokka barely misses you.
You barely miss the quokka.
The jackal bites you but does no damage.
The adder bites you but does no damage. The jackal closely misses you.
The gnoll hits you from afar with a +0 spear.
You die...

####<...# #......>#
.....##....# ####
#....# .. ####
#....##.... ....#
######).....>.
##..####......######.
###.....g....####
.....$h@h....#
###...hrS....#
#....g.g...#
#..........<..
#........g.###
........g..?.#
#.......##.....#
#.#####.#.......


You could see 4 gnolls, an adder, a quokka, 3 jackals and a hobgoblin.

Vanquished Creatures
  A gnoll (D:1)
  A dart slug (D:1)
  2 leopard geckos (D:1)
  4 hobgoblins (D:1)
  4 jackals
  5 bats (D:1)
  5 frilled lizards (D:1)
  7 kobolds
  6 rats
35 creatures vanquished.

Notes
Turn   | Place    | Note
-------+----------+-------------------------------------------
     0 | D:1      | kodamatunes15 the Ghoul Gladiator began the quest for the
                  | Orb.
     0 | D:1      | Reached XP level 1. HP: 17/17 MP: 0/0
   145 | D:1      | Reached XP level 2. HP: 11/24 MP: 1/1
   284 | D:1      | Reached skill level 4 in Unarmed Combat
   284 | D:1      | Reached XP level 3. HP: 27/30 MP: 2/2
   988 | D:2      | Slain by a gnoll

Illustrated notes

Levels and vault maps discovered:
D:1:      noname_arrival_rooms_in_the_neighbourhood, layout_loops_ring
D:2:      layout_rooms, lemuel_crystal_altar, okawaru_trees_1,
          general_overflow_altar, nicolae_overflow_hidden_temple

Skill      XL: |  1  2 |
---------------+-------+-----
Dodging        | 3 |  3.1
Unarmed Combat | 4 |  4.2
Fighting       | |  2.4
Polearms       | |  0.1
Throwing       | |  1.9
Armour         | |  0.5

Action                   || total
-------------------------++-------
Melee: Unarmed           ||    60
       Spear             ||    43
       Punch             ||     1
  Use: Scroll            ||     2
Armor: Leather armour    ||    20
       Ring mail         ||    37
Dodge: Dodged            ||   124
